 Dungeon Crawl Stone Soup version 0.31-a0-833-gc15d34cb79 (webtiles) character file.

Game seed: 10684111664801257635

268 randomguy2701 the Ducker (level 6, 0/47 HPs)
             Began as a Gnoll Wanderer on Sept 26, 2023.
             Slain by a black bear (1 damage)
             ... on level 4 of the Dungeon.
             The game lasted 00:04:12 (3406 turns).

randomguy2701 the Ducker (Gnoll Wanderer)           Turns: 3406, Time: 00:04:12

Health: 0/47       AC:  3    Str:  9    XL:     6   Next: 21%
Magic:  11/11      EV: 32    Int:  9    God:
Gold:   110        SH:  0    Dex: 24    Spells: 10/11 levels left

rFire   . . .        a - +2 quarterstaff
rCold   + . .        (shield currently unavailable)
rNeg    . . .        d - +0 robe
rPois   .            (no helmet)
rElec   .            (no cloak)
rCorr   .            b - +0 pair of gloves
SInv    .            (no boots)
Will    .....        j - amulet of the acrobat
Stlth   ++           k - +6 ring of dexterity
HPRegen 0.27/turn    f - ring of protection from cold
MPRegen 0.12/turn

%: acrobat
@: acrobatic
A: fangs 1, strong nose, distributed training
a: no special abilities


You were on level 4 of the Dungeon.
You visited 1 branch of the dungeon, and saw 4 of its levels.

You collected 110 gold pieces.

Inventory:

Hand Weapons
 a - a +2 quarterstaff (weapon)
Armour
 b - a +0 pair of gloves (worn)
 d - a +0 robe (worn)
Jewellery
 f - a ring of protection from cold (right hand)
 j - an amulet of the acrobat (around neck)
 k - a +6 ring of dexterity (left hand)
Wands
 q - a wand of quicksilver (10)
Scrolls
 e - a scroll of blinking {unknown}
 h - a scroll of brand weapon {unknown}
 i - 2 scrolls of enchant armour {unknown}
 o - 3 scrolls of identify {unknown}
 p - a scroll of enchant weapon {unknown}
Potions
 c - a potion of might
 g - a potion of berserk rage {unknown}
 l - 3 potions of curing {unknown}
 m - a potion of ambrosia {unknown}
 n - a potion of attraction {unknown}
 r - 2 potions of enlightenment {unknown}


   Skills:
 + Level 3.2 Fighting
 + Level 1.9 Short Blades
 + Level 1.9 Long Blades
 + Level 1.9 Axes
 + Level 1.9 Maces & Flails
 + Level 1.9 Polearms
 + Level 6.8 Staves
 + Level 1.9 Ranged Weapons
 + Level 1.9 Throwing
 + Level 1.9 Armour
 + Level 6.8 Dodging
 + Level 1.9 Stealth
 + Level 1.9 Shields
 + Level 1.9 Unarmed Combat
 + Level 3.4 Spellcasting
 + Level 1.5 Conjurations
 + Level 1.5 Hexes
 + Level 1.5 Summonings
 + Level 1.5 Necromancy
 + Level 1.5 Translocations
 + Level 1.5 Transmutations
 + Level 1.5 Fire Magic
 + Level 1.5 Ice Magic
 + Level 4.1 Air Magic
 + Level 1.5 Earth Magic
 + Level 1.5 Poison Magic
 + Level 2.1 Invocations
 + Level 1.9 Evocations
 + Level 1.7 Shapeshifting


You had 10 spell levels left.
You knew the following spells:

 Your Spells              Type           Power      Damage    Failure   Level
a - Shock                 Conj/Air       24%        1d4       10%         1

Your spell library contained the following spells:

 Spells                   Type           Power      Damage    Failure   Level
 Foxfire                  Conj/Fire      16%        2x1d4     16%         1
 Swiftness                Air            8%         N/A       16%         3
 Airstrike                Air            4%         2d(1-17)  47%         4
 Plasma Beam              Fire/Air       3%         2x1d13    100%        6
 Starburst                Conj/Fire      2%         6d3       100%        6


Dungeon Overview and Level Annotations

Branches:
Dungeon (4/15)
 Temple: D:4-7

Altars:
Fedhas
Vehumet

Shops:
D:1 ?   D:4 :


Innate Abilities, Weirdness & Mutations

You have very sharp teeth.
Your uncanny sense of smell can sniff out nearby items.
Your experience applies equally to all skills.


Message History

You are too injured to fight recklessly!
You are too injured to fight recklessly!
You are too injured to fight recklessly!
You are too injured to fight recklessly!
Unknown command.
There is an entrance to Mogaedwo's Book Boutique here.
The black bear attacks as it pursues you!
The black bear completely misses you. x2; The black bear closely misses you.
There is an open door here.
An orc wizard comes into view. It is wielding a +0 dagger.
The orc wizard moves out of view.
An orc comes into view. It is wielding a +0 club.
The orc wizard shouts!
You hear a shout!
The orc priest shouts!
You sock the orc priest!
The orc priest is severely wounded.
The orc priest calls down the wrath of Beogh upon you.
Beogh smites you!
* * * LOW HITPOINT WARNING * * *
The orc wizard casts a spell at you. You resist with some effort.
The black bear closely misses you. The black bear completely misses you.
The black bear barely misses you.
The black bear attacks as it pursues you!
The black bear misses you. The black bear closely misses you.
The black bear claws you.
* * * LOW HITPOINT WARNING * * *
The orc wizard casts a spell.
The orc wizard flickers and vanishes!
Deactivating autopickup; reactivate with Ctrl-A.
The black bear misses you. The black bear claws you.
* * * LOW HITPOINT WARNING * * *
The black bear misses you.
The black bear attacks as it pursues you!
The black bear bites you!
* * * LOW HITPOINT WARNING * * *
The black bear completely misses you. The black bear barely misses you.
The orc priest miscasts a cantrip.
The black bear attacks as it pursues you!
The black bear bites you.
You die...

#.'∩'...............#.#
#.#'#.........###.#. ..
...#.#..#.#.#### .#
....##........### #.##..##.
###........#..)).#
##..#.#...
#......o.#####.###........#
..o......#####............#
..........h....[#..........#
.........@......#........#
........#................#
......###.........<......#
...... ##...........###...
.####...........###.###
#####.............##
#.......###....# #.......#
###### #########


You could see a black bear and an orc priest.

Vanquished Creatures
  Jessica (D:2)
  Terence (D:3)
  2 orc wizards (D:3)
  6 adders
  2 dart slugs
  6 orcs
  10 bats
  5 endoplasms
  2 giant cockroaches
  7 goblins
  5 hobgoblins
  13 jackals
  3 kobolds
  4 quokkas
  9 ball pythons
  A frilled lizard (D:1)
  6 rats
83 creatures vanquished.

Vanquished Creatures (others)
  An orc wizard (D:4)
1 creature vanquished.

Grand Total: 84 creatures vanquished

Notes
Turn   | Place    | Note
-------+----------+-------------------------------------------
     0 | D:1      | randomguy2701 the Gnoll Wanderer began the quest for the
                  | Orb.
     0 | D:1      | randomguy2701 set off with the following items: a +2
                  | quarterstaff, a +0 pair of gloves, a potion of might, a +0
                  | robe; and the following spell memorised: Shock; and the
                  | following spells available to memorise: Swiftness.
     0 | D:1      | Reached XP level 1. HP: 17/17 MP: 4/4
   243 | D:1      | Reached XP level 2. HP: 23/23 MP: 2/5
   401 | D:1      | Found Caaqaova's Magic Scroll Shop.
   693 | D:1      | Found a faded altar of an unknown god.
   793 | D:1      | Reached XP level 3. HP: 28/28 MP: 1/7
  1457 | D:2      | Reached skill level 1 in Invocations
  1461 | D:2      | Reached skill level 1 in Short Blades
  1461 | D:2      | Reached skill level 1 in Long Blades
  1461 | D:2      | Reached skill level 1 in Axes
  1461 | D:2      | Reached skill level 1 in Maces & Flails
  1461 | D:2      | Reached skill level 1 in Polearms
  1461 | D:2      | Reached skill level 1 in Ranged Weapons
  1461 | D:2      | Reached skill level 1 in Throwing
  1461 | D:2      | Reached skill level 1 in Armour
  1461 | D:2      | Reached skill level 1 in Stealth
  1461 | D:2      | Reached skill level 1 in Shields
  1461 | D:2      | Reached skill level 1 in Unarmed Combat
  1461 | D:2      | Reached skill level 1 in Evocations
  1594 | D:2      | Reached XP level 4. HP: 34/34 MP: 1/8
  1599 | D:2      | Reached skill level 1 in Shapeshifting
  1881 | D:2      | Noticed Jessica
  1888 | D:2      | Killed Jessica
  1889 | D:2      | Reached skill level 1 in Conjurations
  1889 | D:2      | Reached skill level 1 in Hexes
  1889 | D:2      | Reached skill level 1 in Summonings
  1889 | D:2      | Reached skill level 1 in Necromancy
  1889 | D:2      | Reached skill level 1 in Translocations
  1889 | D:2      | Reached skill level 1 in Transmutations
  1889 | D:2      | Reached skill level 1 in Fire Magic
  1889 | D:2      | Reached skill level 1 in Ice Magic
  1889 | D:2      | Reached skill level 1 in Earth Magic
  1889 | D:2      | Reached skill level 1 in Poison Magic
  1905 | D:2      | Reached XP level 5. HP: 40/40 MP: 7/9
  2150 | D:3      | Found a blossoming altar of Fedhas.
  2477 | D:3      | Noticed Terence
  2497 | D:3      | Killed Terence
  2631 | D:3      | Found a radiant altar of Vehumet.
  2874 | D:3      | Reached XP level 6. HP: 47/47 MP: 9/11
  3376 | D:4      | Found Mogaedwo's Book Boutique.
  3379 | D:4      | Noticed a black bear
  3405 | D:4      | HP: 1/47 [black bear (8)]
  3406 | D:4      | Slain by a black bear

Illustrated notes

Levels and vault maps discovered:
D:1:      kilobyte_arrival_exit_the_forest, layout_loops_ring,
          shapermc_ecumenical_altar_ellora, serial_shops,
          nicolae_shop_real_fake_doors, minmay_distorted
D:2:      layout_rooms, uniq_jessica
D:3:      layout_basic, fedhas_altar_1, fiery_altar_vehumet,
          hangedman_decor_slide_cut, uniq_terence
D:4:      layout_rooms, serial_shops, nicolae_shop_behind_doors, uniq_menkaure

Skill      XL: |  1  2  3  4  5 |
---------------+----------------+-----
Invocations    | 1 2 |  2.1
Short Blades   | 1 |  1.9
Long Blades    | 1 |  1.9
Axes           | 1 |  1.9
Maces & Flails | 1 |  1.9
Polearms       | 1 |  1.9
Ranged Weapons | 1 |  1.9
Throwing       | 1 |  1.9
Armour         | 1 |  1.9
Stealth        | 1 |  1.9
Shields        | 1 |  1.9
Unarmed Combat | 1 |  1.9
Evocations     | 1 |  1.9
Shapeshifting  | 1 |  1.7
Spellcasting   | 3 |  3.4
Conjurations   | 1 |  1.5
Hexes          | 1 |  1.5
Summonings     | 1 |  1.5
Necromancy     | 1 |  1.5
Translocations | 1 |  1.5
Transmutations | 1 |  1.5
Fire Magic     | 1 |  1.5
Ice Magic      | 1 |  1.5
Earth Magic    | 1 |  1.5
Poison Magic   | 1 |  1.5
Fighting       | 3 |  3.2
Air Magic      | 4 |  4.1
Staves         | |  6.8
Dodging        | |  6.8

Action                     |  1- 3 |  4- 6 || total
---------------------------+-------+-------++-------
  Melee: Quarterstaff      |    42 |   108 ||   150
         Bite              |     1 |     5 ||     6
   Cast: Shock             |    51 |    52 ||   103
   Stab: Sleeping          |     1 |     4 ||     5
 Armour: Robe              |    21 |    56 ||    77
  Dodge: Dodged            |    59 |   124 ||   183

Table legend: (Time is in decaauts)
 A = Elapsed time spent in this place.
 B = Non-inter-level travel time spent in this place.
 C = Inter-level travel time spent in this place.
 D = Time resting spent in this place.
 E = Time spent auto-exploring this place.
 F = Levels seen in this place.
 G = Mean time per level.
                   A        B        C        D        E       F      G
               +--------+--------+--------+--------+--------+-----+--------+
         Total |   3410 |   3274 |    136 |      0 |   2813 |   4 |  852.5 |
       Dungeon |   3410 |   3274 |    136 |      0 |   2813 |   4 |  852.5 |
               +--------+--------+--------+--------+--------+-----+--------+

Top non-repeatable levels by time:
     D:1: 1280 daAuts
     D:3: 1097 daAuts
     D:2: 869 daAuts
     D:4: 162 daAuts
